 Dungeon Crawl Stone Soup version 0.28.0-53-g5a82cb258f (webtiles) character file.

Game seed: 8589500893237353703

119 Goodini51 the Sneak (level 5, -1/31 HPs)
             Began as an Octopode Enchanter on May 24, 2022.
             Slain by an ogre
             ... wielding a +0 giant club
              (17 damage)
             ... on level 3 of the Dungeon.
             The game lasted 00:12:34 (2262 turns).

Goodini51 the Sneak (Octopode Enchanter)            Turns: 2262, Time: 00:12:34

Health: -1/31      AC:  1    Str:  8    XL:     5   Next: 3%
Magic:  0/8        EV: 13    Int: 19    God:
Gold:   89         SH:  0    Dex: 12    Spells: 6/8 levels left

rFire   . . .      SeeInvis .   a - +1 dagger
rCold   . . .      Faith    .   (no shield)
rNeg    + . .      Spirit   .   (helmet restricted)
rPois   .          Reflect  .   j - amulet of the acrobat
rElec   .          Harm     .   d - ring of positive energy
rCorr   .          Rampage  .   (no ring)
Will    .....                   (no ring)
Stlth   ++++......              (no ring)
HPRegen 0.10/turn               (no ring)
MPRegen 0.11/turn               (no ring)
                                (no ring)
                                (no ring)

@: no status effects
A: almost no armour, amphibious, 8 rings, camouflage 1, gelatinous body 1,
(nimble swimmer 1), tentacles
a: no special abilities


You were on level 3 of the Dungeon.
You visited 1 branch of the dungeon, and saw 3 of its levels.

You collected 89 gold pieces.

Inventory:

Hand Weapons
 a - a +1 dagger (weapon)
Jewellery
 d - a ring of positive energy (left tentacle)
 j - an amulet of the acrobat (around mantle)
Scrolls
 e - 3 scrolls of teleportation {unknown}
 f - a scroll of fog {unknown}
 g - 3 scrolls of identify {unknown}
 k - a scroll of brand weapon {unknown}
Potions
 b - a potion of invisibility
 c - 2 potions of attraction {unknown}
 h - a potion of magic {unknown}
 i - 2 potions of curing {unknown}
 l - a potion of haste {unknown}
 m - a potion of lignification {unknown}


   Skills:
 + Level 0.2 Fighting
 * Level 1.6 Short Blades
 + Level 2.1 Dodging
 * Level 6.0 Stealth
 * Level 2.4 Spellcasting
 * Level 3.7 Hexes
 + Level 0.2 Ice Magic


You had 6 spell levels left.
You knew the following spells:

 Your Spells              Type           Power      Damage    Failure   Level
a - Ensorcelled Hibernat  Hex/Ice        20%        N/A       11%         2

Your spell library contained the following spells:

 Spells                   Type           Power      Damage    Failure   Level
 Confusing Touch          Hex            16%        N/A       11%         3
 Tukima's Dance           Hex            16%        N/A       11%         3
 Dazzling Flash           Conj/Hex       18%        N/A       22%         3


Dungeon Overview and Level Annotations

Branches:
Dungeon (3/15)

Altars:
Gozag

Shops:
D:1 *


Innate Abilities, Weirdness & Mutations

You cannot wear most types of armour.
You are amphibious.
You can wear up to eight rings at the same time.
Your skin changes colour to match your surroundings (Stealth+).
Your rubbery body absorbs attacks. (AC +1, EV +1)
((You are camouflaged when in or above water. (Stealth+)))
You have tentacles for arms and can constrict up to eight enemies at once.


Message History

The ogre resists with some effort.
The ogre barely misses you.
Casting: Ensorcelled Hibernation (safe; 11% risk of failure)
Confirm with . or Enter, or press ? or * to list all spells.
Aiming: Ensorcelled Hibernation (safe; 11% risk of failure)
Press: ? - help, Shift-Dir - straight line, f/p - ogre
Aim: an ogre, wielding a +0 giant club (chance to affect: 44%)
The ogre resists with some effort.
The ogre barely misses you.
Casting: Ensorcelled Hibernation (safe; 11% risk of failure)
Confirm with . or Enter, or press ? or * to list all spells.
Aiming: Ensorcelled Hibernation (safe; 11% risk of failure)
Press: ? - help, Shift-Dir - straight line, f/p - ogre
Aim: an ogre, wielding a +0 giant club (chance to affect: 44%)
The ogre resists with some effort.
The ogre closely misses you.
Casting: Ensorcelled Hibernation (safe; 11% risk of failure)
Confirm with . or Enter, or press ? or * to list all spells.
Aiming: Ensorcelled Hibernation (safe; 11% risk of failure)
Press: ? - help, Shift-Dir - straight line, f/p - ogre
Aim: an ogre, wielding a +0 giant club (chance to affect: 44%)
The ogre resists with some effort.
The ogre closely misses you.
Casting: Ensorcelled Hibernation (safe; 11% risk of failure)
Confirm with . or Enter, or press ? or * to list all spells.
Aiming: Ensorcelled Hibernation (safe; 11% risk of failure)
Press: ? - help, Shift-Dir - straight line, f/p - ogre
Aim: an ogre, wielding a +0 giant club (chance to affect: 44%)
The ogre resists with some effort.
The ogre closely misses you.
Casting: Ensorcelled Hibernation (safe; 11% risk of failure)
Confirm with . or Enter, or press ? or * to list all spells.
Aiming: Ensorcelled Hibernation (safe; 11% risk of failure)
Press: ? - help, Shift-Dir - straight line, f/p - ogre
Aim: an ogre, wielding a +0 giant club (chance to affect: 44%)
The ogre resists with some effort.
The ogre hits you with a +0 giant club!
Ouch! That really hurt!
Casting: Ensorcelled Hibernation (safe; 11% risk of failure)
Confirm with . or Enter, or press ? or * to list all spells.
Aiming: Ensorcelled Hibernation (safe; 11% risk of failure)
Press: ? - help, Shift-Dir - straight line, f/p - ogre
Aim: an ogre, wielding a +0 giant club (chance to affect: 44%)
The ogre resists with some effort.
The ogre hits you with a +0 giant club!
Ouch! That really hurt!
You die...

#.####### #.###.# #.#
#.#.... #†## #.#.#.#..
#..# #.#.#.... ###''###
#.#...... #......#
#...†.... #.#..#.###
#..)..... +..##..+.#
##.#.....
+..##..+@#########.#.#.##
#.#..#.#.O...........#...
#......###########.###.##
#.####''### #.......
#.......###########
######.#
..................... #.#
.###########......... #.#
........####.... #.#
#######'####....######.#


You could see an ogre.

Vanquished Creatures
  Jessica (D:2)
  An orc wizard (D:3)
  2 adders (D:2)
  5 orcs (D:3)
  6 endoplasms
  A goblin (D:1)
  4 hobgoblins
  3 jackals (D:2)
  A kobold (D:2)
  2 quokkas
  6 ball pythons
  2 bats
  A frilled lizard (D:2)
  9 rats
44 creatures vanquished.

Vanquished Creatures (others)
  A plant (D:1)
1 creature vanquished.

Grand Total: 45 creatures vanquished

Notes
Turn   | Place    | Note
-------+----------+-------------------------------------------
     0 | D:1      | Goodini51 the Octopode Enchanter began the quest for the
                  | Orb.
     0 | D:1      | Reached XP level 1. HP: 11/11 MP: 3/3
    39 | D:1      | Found Amots's General Store.
    86 | D:1      | Reached XP level 2. HP: 17/17 MP: 5/5
    92 | D:1      | Learned a level 2 spell: Ensorcelled Hibernation
   480 | D:1      | Found a faded altar of an unknown god.
   894 | D:2      | Reached XP level 3. HP: 5/21 MP: 2/6
  1121 | D:2      | Found an opulent altar of Gozag.
  1125 | D:2      | Reached skill level 5 in Stealth
  1527 | D:2      | Noticed Jessica
  1784 | D:2      | Killed Jessica
  1785 | D:2      | Reached XP level 4. HP: 27/27 MP: 4/7
  2033 | D:3      | Reached XP level 5. HP: 31/31 MP: 8/8
  2038 | D:3      | Reached skill level 6 in Stealth
  2184 | D:3      | Noticed an ogre
  2262 | D:3      | Slain by an ogre

Illustrated notes

Levels and vault maps discovered:
D:1:      onia_arrival_handbag, layout_rooms, serial_shops, nicolae_shop_stone,
          shapermc_ecumenical_altar_mp_ritualfount, nrook_mini_backslash,
          patterned_corridor
D:2:      layout_rooms, basic_altar, minmay_pentomino_q2, uniq_jessica
D:3:      layout_basic, nicolae_overflow_hidden_temple, eino_tiny_chamber,
          kennysheep_generic_room_15

Skill      XL: |  1  2  3  4  5 |
---------------+----------------+-----
Stealth        | 5 6 |  6.0
Fighting       | |  0.2
Short Blades   | |  1.6
Dodging        | |  2.1
Spellcasting   | |  2.4
Hexes          | |  3.7
Ice Magic      | |  0.2

Action                   |  1- 3 |  4- 6 || total
-------------------------+-------+-------++-------
Melee: Dagger            |    62 |    26 ||    88
       Constrict         |     8 |     7 ||    15
       Tentacles         |     5 |     6 ||    11
 Cast: Ensorcelled Hiber |    12 |    12 ||    24
 Stab: Sleeping          |    21 |     5 ||    26
       Distracted        |     1 |       ||     1
Armor: Skin              |       |     1 ||     1
Dodge: Dodged            |    29 |    28 ||    57
